Map: Cactus Valley LE (Void)

Players

MarkOfCaïn

  • Race: Protoss Protoss
  • League: Silver
  • Spawn Location: 11:00

CheesenOne - Winner!

  • Race: Terran Terran
  • League: Silver
  • Spawn Location: 7:00

VOD

Have the link to the VOD?

Description

Time

  • Played on: Jan. 31, 2017, 1:42 p.m.
  • Length: 15:32
Show
View Real Time Build Order
Export as new Build Order

MarkOfCaïn Protoss 

Build Orders: Mass Adepts 

Get SALT Encoding   

  12  0:04  Probe (Chrono Boost)  
  13  0:14  Pylon  
  13  0:18  Probe (Chrono Boost)  
  14  0:29  Probe (Chrono Boost)  
  15  0:37  Gateway  
  15  0:40  Probe (Chrono Boost)  
  16  0:46  Assimilator  
  16  0:50  Probe (Chrono Boost)  
  17  1:01  Probe (Chrono Boost)  
  19  1:11  Probe (Chrono Boost)  
  19  1:22  Probe (Chrono Boost)  
  19  1:25  Cybernetics Core  
  20  1:33  Assimilator  
  20  1:39  Pylon  
  20  1:46  Warp Gate  
  20  1:52  Probe (Chrono Boost)  
  21  2:04  Probe (Chrono Boost)  
  22  2:09  Gateway  
  22  2:11  Gateway  
  23  2:16  Robotics Facility, Probe (Chrono Boost)  
  23  2:23  Pylon  
  23  2:58  Gateway  
  23  3:00  Adept  
  23  3:03  Immortal  
  29  3:06  Adept  
  31  3:27  Adept  
  31  3:34  Adept  
  35  3:40  Immortal  
  39  3:55  Pylon  
  39  4:22  Adept x3  
  45  4:25  Pylon  
  45  4:33  Pylon  
  45  4:44  Adept x3  
  51  5:16  Adept  
  51  5:17  Adept x2  
  41  6:12  Nexus  
  37  8:47  Probe (Chrono Boost)  
  38  8:50  Pylon  
  38  8:51  Pylon  
  38  8:53  Pylon  
  38  8:56  Assimilator  
  38  8:58  Probe (Chrono Boost)  
  39  9:08  Probe (Chrono Boost)  
  40  9:16  Assimilator  
  40  9:19  Probe (Chrono Boost)  
  41  9:27  Cybernetics Core  
  41  9:30  Probe (Chrono Boost)  
  42  9:40  Probe (Chrono Boost)  
  43  9:51  Probe (Chrono Boost)  
  44  10:01  Probe (Chrono Boost)  
  45  10:14  Adept x3  
  51  10:36  Stalker  
  51  10:37  Stalker  
  51  10:39  Stalker  
  57  11:00  Gateway  
  57  11:01  Gateway  
  57  11:20  Stalker  
  57  11:21  Stalker x2  
  63  11:52  Stalker x3  
  61  12:14  Nexus  
  61  12:28  Immortal  
  65  12:37  Probe (Chrono Boost)  
  66  12:48  Probe (Chrono Boost)  
  66  12:50  Twilight Council  
  67  12:55  Sentry x2  
  71  13:13  Adept  
  71  13:45  Observer  
  72  13:48  Stalker  
  72  13:49  Adept  
  76  14:00  Adept  
  78  14:03  Probe (Chrono Boost)  
  78  14:06  Immortal  
  83  14:13  Sentry  
  85  14:17  Adept  
Show
View Real Time Build Order
Export as new Build Order

CheesenOne Terran - Winner!

Build Orders:  

Get SALT Encoding   

  12  0:04  SCV  
  13  0:16  SCV  
  14  0:21  Supply Depot  
  14  0:28  SCV  
  15  0:36  Refinery  
  15  0:43  SCV  
  15  0:49  Barracks  
  16  0:55  SCV  
  17  1:07  SCV  
  18  1:19  SCV  
  19  1:33  Barracks  
  19  1:37  Barracks, Supply Depot  
  19  1:40  SCV  
  20  1:54  Orbital Command  
  20  2:18  Barracks Reactor  
  20  2:32  Barracks Tech Lab, Barracks Reactor  
  20  2:40  Command Center  
  20  2:49  SCV  
  21  2:53  Stimpack  
  21  3:01  SCV  
  22  3:07  Refinery  
  22  3:09  Marine x2  
  24  3:13  SCV, Marine  
  24  3:16  Marine  
  24  3:18  Marine  
  28  3:25  SCV  
  29  3:28  Supply Depot  
  29  3:42  SCV, Engineering Bay  
  30  3:53  Supply Depot  
  30  3:54  SCV  
  31  3:56  Marine x3  
  31  3:59  Marine  
  35  4:06  SCV  
  35  4:07  Orbital Command  
  36  4:21  SCV  
  36  4:22  Factory  
  37  4:33  SCV  
  37  4:36  SCV  
  39  4:42  Marine  
  39  4:43  Marine x3  
  39  4:44  Marine  
  44  4:45  SCV  
  22  6:06  Supply Depot  
  22  6:07  Supply Depot  
  22  6:10  Supply Depot  
  21  6:43  Marine x3  
  24  7:01  Marine x3  
  27  7:18  Marine  
  28  7:23  Command Center  
  28  7:25  Orbital Command  
  9  8:27  Orbital Command  
  5  8:38  SCV  
  5  8:42  Widow Mine  
  7  8:50  SCV, Orbital Command  
  7  8:55  SCV  
  9  9:02  SCV  
  10  9:14  SCV  
  11  9:26  SCV  
  12  9:31  Barracks Tech Lab  
  12  9:34  Barracks Tech Lab  
  12  9:38  SCV  
  13  9:39  SCV, Barracks Tech Lab  
  13  9:43  SCV  
  15  9:48  Widow Mine  
  15  9:50  SCV  
  15  9:51  SCV  
  15  9:52  Marauder  
  21  9:55  SCV  
  21  9:56  Supply Depot  
  22  10:02  SCV  
  22  10:03  SCV  
  24  10:08  SCV  
  24  10:12  Supply Depot  
  24  10:13  Marauder  
  27  10:15  SCV, Supply Depot  
  27  10:16  Refinery, Widow Mine  
  27  10:17  Marauder x2  
  35  10:21  Supply Depot  
  35  10:27  SCV  
  31  10:34  Marauder  
  33  10:39  Marauder x2  
  33  10:40  Orbital Command  
  33  10:41  Refinery  
  37  10:44  SCV  
  37  10:45  Widow Mine  
  40  10:56  Marauder  
  42  11:02  Marauder x2  
  46  11:08  Concussive Shells  
  46  11:18  SCV  
  47  11:26  Widow Mine  
  47  11:30  SCV  
  50  11:33  SCV  
  50  11:39  Marauder  
  53  11:42  SCV  
  53  11:44  Supply Depot  
  53  11:45  SCV  
  55  11:54  SCV, Widow Mine  
  55  11:57  SCV  
  59  12:06  SCV  
  59  12:07  Marauder x2  
  59  12:08  Marauder  
  66  12:09  SCV  
  67  12:41  SCV  
  67  12:42  Command Center  
  68  12:48  SCV  
  69  12:53  SCV  
  69  12:55  Supply Depot  
  69  12:58  Supply Depot  
  70  13:17  SCV x2, Marauder x3  
  78  13:29  SCV x2  
  80  13:38  Marauder  
  82  13:41  Factory  
  82  13:44  Marine  
  82  13:45  Factory, Marine  
  84  13:55  Orbital Command  
  84  13:59  Marine  
  84  14:02  Marine  
  86  14:03  Refinery, Marine  
  86  14:04  Refinery  
  86  14:07  SCV  
  86  14:08  Refinery  
  88  14:17  Marine  
  88  14:20  SCV, Marine x2  
  92  14:28  Factory Tech Lab  
  92  14:35  Marine  
  92  14:38  Marine x2  
  94  14:41  Refinery  
  94  14:44  Factory Tech Lab  
  73  14:53  Marine  
  73  14:56  Marine  
Tags
 
Add a new tag
Caveats
  • Supply blocks, unpowered buildings, or Contaminate may cause inaccurate times.
  • Supply counts are checked every 10 seconds.